 Dungeon Crawl Stone Soup version 0.25.0-9-g26727b657a (webtiles) character file.

Game seed: 8164751591254748530

6163 Delamore the Basher (level 10, 0/61 HPs)
             Began as a Gargoyle Fighter on June 18, 2020.
             Was a Priest of Okawaru.
             Slain by Gastronok (18 damage)
             ... on level 8 of the Dungeon.
             The game lasted 00:11:28 (8845 turns).

Delamore the Basher (Gargoyle Fighter)              Turns: 8845, Time: 00:11:29

Health: 0/61       AC: 22    Str: 23    XL:     10   Next: 90%
Magic:  0/10       EV:  6    Int:  9    God:    Okawaru [***...]
Gold:   680        SH: 12    Dex: 21    Spells: 9/9 levels left

rFire    + . .     SeeInvis .   F - +4 flail (vorpal)
rCold    . . .     Gourm    .   c - +0 kite shield
rNeg     + . .     Faith    .   y - +2 chain mail {rF+}
rPois    ∞         Spirit   +   x - +0 helmet
rElec    +         Reflect  .   u - +0 cloak
rCorr    .         Harm     .   H - +0 pair of gloves
MR       .....                  L - +0 pair of boots
Stlth    ..........             e - amulet of guardian spirit
HPRegen  0.20/turn              B - +6 ring of dexterity
MPRegen  0.12/turn              O - +6 ring of dexterity

@: no status effects
A: negative energy resistance 1, electricity resistance, unbreathing,
petrification resistance, rot immunity, AC +7
a: Heroism, Renounce Religion


You were on level 8 of the Dungeon.
You worshipped Okawaru.
Okawaru was most pleased with you.
You were not hungry.

You visited 2 branches of the dungeon, and saw 9 of its levels.
You also visited: Ossuary.

You collected 680 gold pieces.

Inventory:

Hand Weapons
 a - a +0 flail
 g - a +2 whip of draining
 m - a +2 mace of draining
 F - a +4 vorpal flail (weapon)
Missiles
 D - a throwing net (quivered)
Armour
 c - a +0 kite shield (worn)
 u - a +0 cloak (worn)
 x - a +0 helmet (worn)
 y - a +2 chain mail of fire resistance (worn)
 H - a +0 pair of gloves (worn)
 L - a +0 pair of boots (worn)
Jewellery
 e - an amulet of guardian spirit (around neck)
 q - an uncursed ring of positive energy
 t - an uncursed ring of protection from cold
 B - a +6 ring of dexterity (left hand)
 O - a +6 ring of dexterity (right hand)
Wands
 z - a wand of clouds (5)
 C - a wand of polymorph (10)
Scrolls
 b - a scroll of fear {unknown}
 j - 2 scrolls of fog {unknown}
 k - 11 scrolls of identify {unknown}
 l - 8 scrolls of teleportation {unknown}
 n - a scroll of magic mapping {unknown}
 p - a scroll of noise {unknown}
 r - a scroll of amnesia {unknown}
 s - 4 scrolls of remove curse {unknown}
 A - a scroll of random uselessness {unknown}
 E - 4 scrolls of enchant weapon {unknown}
 J - a scroll of enchant armour {unknown}
 M - a scroll of blinking {unknown}
Potions
 d - 2 potions of might
 h - a potion of invisibility {unknown}
 i - 6 potions of curing {unknown}
 o - 6 potions of heal wounds {unknown}
 v - 2 potions of stabbing {unknown}
 w - 3 potions of brilliance {unknown}
 G - a potion of berserk rage {unknown}
 I - 3 potions of flight {unknown}
 K - 3 potions of magic {unknown}
 N - 3 potions of degeneration {unknown}
 P - 2 potions of haste {unknown}
 Q - a potion of resistance {unknown}
 S - a potion of mutation {unknown}
Comestibles
 f - 16 rations
 R - 4 chunks of flesh


   Skills:
 + Level 6.6 Fighting
 + Level 13.8 Maces & Flails
 - Level 3.2 Armour
 + Level 6.5 Shields


You had 9 spell levels left.
You didn't know any spells.
Your spell library was empty.

Dungeon Overview and Level Annotations

Branches:
Dungeon (8/15)             Temple (1/1) D:7         Ossuary (visited)
   Lair: D:8-11

Altars:
Ashenzari
Cheibriados
Dithmenos
Elyvilon
Fedhas
Gozag
Hepliaklqana
Kikubaaqudgha
Makhleb
Nemelex Xobeh
Okawaru
Qazlal
Ru
Sif Muna
Trog
Uskayaw
Vehumet
Xom
Yredelemnul
Zin
The Shining One

Shops:
D:6 =

Annotations:
D:8 1 runed translucent door, Gastronok


Innate Abilities, Weirdness & Mutations

You are resistant to torment.
Your stone body is resilient. (AC +7)
You are immune to poison.
You resist negative energy. (rN+)
You are resistant to electric shocks. (rElec)
You can survive without breathing.
You are immune to petrification.
You are immune to rotting.


Message History

You sock Gastronok!
Gastronok is severely wounded.
Gastronok bites you!!
* * * LOW HITPOINT WARNING * * *
You bludgeon Gastronok!!
Gastronok is almost dead.
You thump Gastronok!
Gastronok is almost dead.
You hit Gastronok.
Gastronok is almost dead.
Gastronok chants a spell, wobbling all the while.
You feel sluggish.
You completely miss Gastronok.
Gastronok is almost dead.
You hit Gastronok but do no damage.
Gastronok is almost dead.
You hit Gastronok.
Gastronok is almost dead.
Gastronok bites you!!
You die...

#####.## ##.....# #.#
... #.##..# #.##.#.
#.##..### #.. .. ###
#.##....# #.. .....
#.....#.# #.# .#.#.#
###.###.# #.# ..#..#
###...##.#####.##...#.##
...............>@w.....+
###...#.######........##
##.##.# ##.....###
####.# #.##..# #.# #.#
..# #÷# #.# #.# #.# #..
.# #.# ### ## #######.#


You could see Gastronok (swift).

Vanquished Creatures
  Pikel (D:5)
  Grinder (D:3)
  4 wraiths (D:8)
  A shadow (D:8)
  6 fire bats (D:8)
  A wyvern (D:8)
  Edmund (D:5)
  Grum (D:8)
  Menkaure (D:7)
  A slave (D:5)
  A black bear (D:8)
  4 ice beasts
  4 sky beasts
  A phantom (D:6)
  3 centaurs
  3 wolves (D:8)
  3 bullfrogs
  A big kobold (D:8)
  Blork the orc (D:6)
  2 scorpions
  2 crimson imps
  A bullfrog zombie (D:8)
  Crazy Yiuf (D:2)
  A centaur zombie (D:7)
  6 orc priests
  6 hounds
  3 centaur skeletons
  3 iron imps (D:4)
  8 orc wizards
  A bullfrog skeleton (D:5)
  Jessica (D:3)
  2 iguanas
  Terence (D:3)
  4 worker ants
  A hound skeleton (D:4)
  9 mummies
  Robin (D:3)
  A worker ant zombie (D:5)
  4 gnolls (D:4)
  9 adders
  3 shadow imps
  2 oozes
  An adder skeleton (D:8)
  4 worms
  A dart slug (D:2)
  4 leopard geckos
  23 orcs
  53 bats
  8 giant cockroaches
  13 goblins
  9 hobgoblins
  13 jackals
  9 kobolds
  6 quokkas
  6 frilled lizards
  A giant cockroach zombie (D:5)
  A gnoll zombie (Ossuary)
  3 hobgoblin zombies (Ossuary)
  A jackal skeleton (D:4)
  2 kobold zombies (Ossuary)
  A leopard gecko skeleton (D:6)
  2 orc zombies (Ossuary)
  4 rats
276 creatures vanquished.

Vanquished Creatures (others)
  A human (D:6)
1 creature vanquished.

Grand Total: 277 creatures vanquished

Notes
Turn   | Place    | Note
-------+----------+-------------------------------------------
     0 | D:1      | Delamore the Gargoyle Fighter began the quest for the Orb.
     0 | D:1      | Reached XP level 1. HP: 14/14 MP: 1/1
   134 | D:1      | Reached XP level 2. HP: 19/19 MP: 2/2
   196 | D:1      | Reached skill level 3 in Maces & Flails
   672 | D:2      | Found a radiant altar of Vehumet.
   672 | D:2      | Found a sacrificial altar of Ru.
   678 | D:2      | Reached XP level 3. HP: 21/23 MP: 1/3
   704 | D:2      | Found a shadowy altar of Dithmenos.
   704 | D:2      | Found a glowing golden altar of the Shining One.
  1087 | D:2      | Reached skill level 4 in Maces & Flails
  1276 | D:2      | Reached XP level 4. HP: 28/28 MP: 4/4
  1453 | D:2      | Found a runed translucent door.
  1454 | D:2      | Noticed Crazy Yiuf
  1833 | D:2      | Paralysed by Crazy Yiuf for 3 turns
  1841 | D:2      | Killed Crazy Yiuf
  1841 | D:2      | Reached skill level 5 in Maces & Flails
  1841 | D:2      | Reached XP level 5. HP: 29/32 MP: 3/5
  2121 | D:3      | Noticed Jessica
  2127 | D:3      | Killed Jessica
  2195 | D:3      | Noticed Grinder
  2195 | D:3      | Paralysed by Grinder for 2 turns
  2224 | D:3      | Paralysed by Grinder for 3 turns
  2230 | D:3      | Killed Grinder
  2230 | D:3      | Reached skill level 6 in Maces & Flails
  2230 | D:3      | Reached XP level 6. HP: 4/37 MP: 1/6
  2518 | D:3      | Noticed Robin
  2544 | D:3      | Killed Robin
  2717 | D:3      | Noticed Terence
  2732 | D:3      | Killed Terence
  2732 | D:3      | Reached skill level 7 in Maces & Flails
  3111 | D:4      | Reached XP level 7. HP: 41/41 MP: 7/7
  3327 | D:4      | Reached skill level 8 in Maces & Flails
  3895 | D:4      | Found a burning altar of Makhleb.
  4066 | D:4      | Reached skill level 9 in Maces & Flails
  4066 | D:4      | Reached XP level 8. HP: 46/46 MP: 8/8
  4206 | D:5      | Entered Level 5 of the Dungeon
  4342 | D:5      | Noticed Edmund
  4359 | D:5      | Killed Edmund
  4385 | D:5      | Reached skill level 10 in Maces & Flails
  4528 | D:5      | Noticed Pikel
  4549 | D:5      | Killed Pikel
  4549 | D:5      | Reached skill level 11 in Maces & Flails
  4549 | D:5      | Reached XP level 9. HP: 49/51 MP: 7/9
  4640 | D:5      | Found an opulent altar of Gozag.
  4640 | D:5      | Found a glowing silver altar of Zin.
  5611 | D:6      | Found Nagrashrut's Jewellery Boutique.
  5637 | D:6      | Reached skill level 12 in Maces & Flails
  5675 | D:6      | Found an ancient bone altar of Kikubaaqudgha.
  5719 | D:6      | Noticed Blork the orc
  5724 | D:6      | Killed Blork the orc
  6245 | D:7      | Found a sand-covered staircase.
  6254 | Ossuary  | Entered an ossuary
  6554 | D:7      | Found a staircase to the Ecumenical Temple.
  6728 | Temple   | Entered the Ecumenical Temple
  6803 | Temple   | Became a worshipper of Warmaster Okawaru
  6940 | D:7      | Found a basalt altar of Yredelemnul.
  6943 | D:7      | Noticed Menkaure
  6953 | D:7      | Killed Menkaure
  7457 | D:7      | Reached skill level 13 in Maces & Flails
  7668 | D:8      | Reached * piety under Okawaru
  7668 | D:8      | Reached XP level 10. HP: 56/56 MP: 10/10
  7690 | D:8      | Found a runed translucent door.
  7694 | D:8      | Found a shadowy altar of Dithmenos.
  7709 | D:8      | Found a stormy altar of Qazlal.
  7769 | D:8      | Found a shattered altar of Ashenzari.
  7785 | D:8      | Found a sacrificial altar of Ru.
  7880 | D:8      | Reached ** piety under Okawaru
  7880 | D:8      | Reached skill level 5 in Fighting
  7880 | D:8      | Reached skill level 5 in Shields
  7916 | D:8      | Found a radiant altar of Vehumet.
  8028 | D:8      | Found a hide-covered altar of Uskayaw.
  8262 | D:8      | Noticed Grum
  8270 | D:8      | Reached *** piety under Okawaru
  8276 | D:8      | Killed Grum
  8826 | D:8      | Noticed Gastronok
  8845 | D:8      | Slain by Gastronok

Illustrated notes

Levels and vault maps discovered:
D:1:      zaba_arrival_water, layout_rooms
D:2:      minmay_chambers_of_ones, layout_basic, grunt_temple_overflow_open,
          first_ration, uniq_crazy_yiuf_cottage
D:3:      layout_loops_ring, hangedman_decor_growths, uniq_grinder,
          uniq_terence, uniq_robin, uniq_jessica
D:4:      layout_basic, demons_altar
D:5:      minmay_thinvault, layout_loops_ring,
          grunt_temple_overflow_gold_and_silver, minmay_misc_feat_columns,
          uniq_edmund, uniq_pikel
D:6:      layout_gridville, serial_shops, shop, grunt_decor_one_mirror,
          tgw_kikubaaqudgha, uniq_blork_the_orc
D:7:      layout_basic, lemuel_doored_altar, minmay_temple_entry_poolview,
          gup_ossuary_entry_pyramid, eino_small_chamber_without_monster,
          uniq_menkaure
D:8:      due_megacathedral, layout_loops_corners, uniq_gastronok, uniq_grum
Temple:   nicolae_temple_god_jail

Skill      XL: |  1  2  3  4  5  6  7  8  9 10 |
---------------+-------------------------------+-----
Maces & Flails | 3 4 5 6 7 9 11 13 | 13.8
Fighting       | 6 |  6.6
Shields        | 6 |  6.5
Armour         | |  3.2

Action                   |  1- 3 |  4- 6 |  7- 9 | 10-12 || total
-------------------------+-------+-------+-------+-------++-------
Melee: Flail             |    63 |       |   275 |   242 ||   580
       Mace              |    21 |       |       |       ||    21
       Whip              |    64 |   176 |   177 |       ||   417
  Eat: Chunk             |     1 |     6 |    12 |     4 ||    23
       Ration            |       |       |     1 |       ||     1
Armor: Scale mail        |    78 |    44 |       |       ||   122
       Chain mail        |       |     6 |   188 |   141 ||   335
Dodge: Dodged            |    35 |    32 |    68 |    51 ||   186
Block: Kite shield       |    70 |    55 |   174 |   135 ||   434
